 Dungeon Crawl Stone Soup version 0.17-a0-1093-g0b3cd89 (webtiles) character file.

105 Jakers the Ducker (level 4, 0/66 HPs)
             Began as a Troll Berserker on May 20, 2015.
             Was a Believer of Trog.
             Slain by an orc wizard
             ... wielding a +0 dagger
              (6 damage)
             ... on level 4 of the Dungeon.
             The game lasted 00:08:40 (840 turns).

Jakers the Ducker (Troll Berserker)                  Turns: 840, Time: 00:08:41

Health: 0/66       AC:  5    Str: 31    XL:     4   Next: 54%
Magic:  3/3        EV: 10    Int:  3    God:    Trog [**....]
Gold:   145        SH:  0    Dex:  9    Spells: 0 memorised, 3 levels left

rFire  . . .     SeeInvis .     a - +0 spear
rCold  . . .     Clarity  .     b - +0 animal skin
rNeg   . . .     SustAb   .     (no shield)
rPois  .         Gourm    +     (helmet restricted)
rElec  .         Spirit   .     (no cloak)
rCorr  .         Warding  .     (gloves unavailable)
rMut   .         Stasis   .     (boots unavailable)
MR     .....                    (no amulet)
Stlth  ..........               (no ring)
                                (no ring)

@: berserking (expiring), very quick, not resistant to hostile enchantments,
extremely unstealthy
A: unfitting armour, claws 3, fast metabolism 3, gourmand, regeneration 2,
shaggy fur 1, tough skin 2
a: Burn Spellbooks, Berserk, Trog's Hand, Renounce Religion


You were on level 4 of the Dungeon.
You worshipped Trog.
Trog was pleased with you.
You were full.

You visited 1 branch of the dungeon, and saw 4 of its levels.

You collected 145 gold pieces.

Inventory:

Hand weapons
 a - a +0 spear (weapon)
Missiles
 l - 6 tomahawks (quivered)
Armour
 b - a +0 animal skin (worn)
Jewellery
 m - an uncursed amulet of stasis
Scrolls
 d - a scroll of identify {unknown}
 e - a scroll of enchant armour {unknown}
 f - a scroll of fog {unknown}
 g - 4 scrolls of amnesia {unknown}
 i - a scroll of blinking {unknown}
Potions
 j - 2 potions of curing {unknown}
Comestibles
 c - a bread ration


   Skills:
 + Level 2.9 Fighting
 + Level 3.2 Polearms
 + Level 3.5 Dodging


You had 3 spell levels left.
You didn't know any spells.

Dungeon Overview and Level Annotations

Branches:
Dungeon (4/15)
 Temple: D:4-7

Altars:
Nemelex Xobeh
Ru


Innate Abilities, Weirdness & Mutations

You are too large for most types of armour.
You have claws for hands.
Your metabolism is lightning-fast.
You like to eat raw meat.
You heal very quickly.
You are covered in fur (AC +1).
You have very tough skin (AC +2).


Message History

* * * LOW HITPOINT WARNING * * *
Something hits you but does no damage.
You barely miss the giant frog.
The giant frog is severely wounded.
The orc hits you with a mace.
* * * LOW HITPOINT WARNING * * *
The orc hits you.
* * * LOW HITPOINT WARNING * * *
The giant newt barely misses you. The giant frog hits you.
* * * LOW HITPOINT WARNING * * *
You closely miss the giant frog.
The giant frog is severely wounded.
Something hits you but does no damage. The giant frog misses you.
You closely miss the giant frog.
The giant frog is severely wounded.
The orc hits you.
* * * LOW HITPOINT WARNING * * *
The giant newt bites you but does no damage.
The orc closely misses you. Something hits you.
You die...

#######
####......#
#..........
#..........
##..........
#........... .#
#...........
..##
#.{oo.......
...##..@F.......
#...#...l.......
#.............
##............
##...........
##.<........
##.........
##........
.........


You could see a giant frog, 2 orcs and a giant newt.

Vanquished Creatures
  An orc priest (D:3)
  4 adders
  6 orcs (D:3)
  A ball python (D:3)
  5 bats
  5 goblins
  4 hobgoblins
  2 kobolds (D:3)
  A giant newt (D:1)
  4 rats (D:1)
33 creatures vanquished.

Notes
Turn   | Place    | Note
--------------------------------------------------------------
     0 | D:1      | Jakers the Troll Berserker began the quest for the Orb.
     0 | D:1      | Reached XP level 1. HP: 22/22 MP: 0/0
   182 | D:1      | Reached XP level 2. HP: 27/29 MP: 1/1
   234 | D:2      | Found a sparkling altar of Nemelex Xobeh.
   334 | D:2      | Found a sacrificial altar of Ru.
   482 | D:3      | Reached XP level 3. HP: 36/36 MP: 2/2
   525 | D:3      | Reached skill level 3 in Dodging
   584 | D:3      | Acquired Trog's second power
   701 | D:3      | Reached XP level 4. HP: 44/44 MP: 3/3
   820 | D:4      | Noticed a giant frog
   840 | D:4      | Slain by an orc wizard

Vault maps used:
D:1:      minmay_arrival_widening_spiral_wide
D:2:      grunt_temple_overflow_order_and_chaos_1, nicolae_ru_awakened_eye,
          lemuel_blue_sif_altar, nemelex_xobeh_ov_fountains_minmay, first_bread,
          corner_web_ring
D:3:      interstate_on_off
D:4:      minmay_temple_entry_statues_pillars, serial_column_ruins,
          column_ruins_hut, column_ruins_open_small, column_ruins_open_medium,
          column_ruins_grid_1, column_ruins_open_large, column_ruins_open_tiny,
          portal_sewer_entry_a, grunt_qazlal_clouds, uniq_menkaure

Action                   |  1- 3 |  4- 6 || total
-------------------------+-------+-------++-------
Melee: Spear             |   113 |    21 ||   134
Throw: Tomahawk          |     1 |       ||     1
Invok: Berserk           |     1 |     1 ||     2
  Eat: Beef jerky        |     1 |       ||     1
       Meat ration       |     1 |       ||     1
       Bread ration      |       |     1 ||     1
